 Dungeon Crawl Stone Soup version 0.28-a0-691-gad6df49e81 (webtiles) character file.

Game seed: 9137159453861736648

121 siradein the Charlatan (level 4, 0/33 HPs)
             Began as a Demonspawn Artificer on Oct 21, 2021.
             Killed by divine providence
             ... invoked by an orc priest
              (12 damage)
             ... on level 2 of the Dungeon.
             The game lasted 00:08:45 (3153 turns).

siradein the Charlatan (Demonspawn Artificer)       Turns: 3153, Time: 00:08:45

Health: 0/33       AC:  7    Str: 13    XL:     4   Next: 77%
Magic:  5/5        EV:  9    Int: 19    God:
Gold:   47         SH:  0    Dex: 13    Spells: 4/5 levels left

rFire   . . .      SeeInvis .   o - +1 whip (elec)
rCold   . . .      Faith    .   (no shield)
rNeg    . . .      Spirit   .   l - +0 scale mail
rPois   .          Reflect  .   (helmet restricted)
rElec   .          Harm     .   (no cloak)
rCorr   .          Rampage  .   h - +0 pair of gloves
Will    .....                   (no boots)
Stlth   ..........              (no amulet)
HPRegen 0.11/turn               a - +6 ring of intelligence
MPRegen 0.09/turn               (no ring)

@: no status effects
A: antennae 1, powered by pain 1
a: no special abilities


You were on level 2 of the Dungeon.
You visited 1 branch of the dungeon, and saw 3 of its levels.

You collected 69 gold pieces.
You spent 22 gold pieces at shops.

Inventory:

Hand Weapons
 o - a +1 whip of electrocution (weapon)
Armour
 h - a +0 pair of gloves (worn)
 l - a +0 scale mail (worn)
Jewellery
 a - a +6 ring of intelligence (left hand)
Wands
 c - a wand of flame (13)
 d - a wand of charming (15)
Scrolls
 b - a scroll of magic mapping {unknown}
 i - a scroll of fog
 n - a scroll of teleportation {unknown}
Potions
 g - a potion of haste {unknown}
 j - a potion of heal wounds
 k - a potion of ambrosia
 m - a potion of magic {unknown}
Miscellaneous
 e - a piece from Xom's chessboard (9/15) (quivered)


   Skills:
 + Level 2.1 Fighting
 + Level 1.2 Maces & Flails
 + Level 2.3 Armour
 + Level 1.6 Dodging
 - Level 0.8 Stealth
 + Level 1.1 Spellcasting
 + Level 1.0 Translocations
 + Level 3.5 Evocations


You had 4 spell levels left.
You knew the following spells:

 Your Spells              Type           Power      Damage    Failure   Level
a - Apportation           Tloc           10%        N/A       50%         1

Your spell library contained the following spells:

 Spells                   Type           Power      Damage    Failure   Level
 Alistair's Intoxication  Tmut/Pois      0%         N/A       100%        5
 Invisibility             Hex            0%         N/A       100%        6


Dungeon Overview and Level Annotations

Branches:
Dungeon (3/15)

Altars:
The Shining One

Shops:
D:2 ?


Innate Abilities, Weirdness & Mutations

You have a pair of small antennae on your head.
You sometimes gain a little power by taking damage.


Message History

Non-targeted evoke: piece from Xom's chessboard (12/15)
Press: ? - help, Q - select action, (/) - cycle Dir - look around, f - activate You make a move on Xom's chessboard...
The orc priest resists with significant effort.
The bat hits you but does no damage.
The orc priest hits you but does no damage.
You hit the orc priest.
The orc priest is severely wounded.
The bat hits you but does no damage. The orc priest closely misses you.
You closely miss the orc priest.
The orc priest is severely wounded.
The bat hits you but does no damage. The bat barely misses you.
The orc priest hits you but does no damage.
You hit the orc priest.
The orc priest is almost dead.
The bat barely misses you.
The orc priest calls down the wrath of Beogh upon you.
Pain shoots through your body!
Non-targeted evoke: piece from Xom's chessboard (11/15)
Press: ? - help, Q - select action, (/) - cycle Dir - look around, f - activate You make a move on Xom's chessboard...
The bat appears confused.
The bat flutters around in erratic circles.
The orc priest hits you but does no damage.
Unknown command.
You barely miss the orc priest.
The orc priest is almost dead.
The orc priest hits you with a +0 dagger.
The bat barely misses you.
You hit the orc priest.
The orc priest is almost dead.
The orc priest invokes the aid of Beogh against you.
Beogh smites you!
You are too injured to fight recklessly!
You are too injured to fight recklessly!
Non-targeted evoke: piece from Xom's chessboard (10/15)
Press: ? - help, Q - select action, (/) - cycle Dir - look around, f - activate You make a move on Xom's chessboard...
The bat seems to slow down.
The orc priest mumbles some strange prayers to Beogh against you.
Beogh smites you!
You die...

##.♣♣♣P.P.##..######
#..♣♣P♣.....#######
#.P...♣..#.........
#.#.PPPP.##########
#.##...PPP#
#.###.....#
#......############
#######.#.......w....
#..o@...#.###########
#.#######)# #.. #.#
#.# #.# #.# #.# #.#
#.# #.# #.# #.# #.#
#.# #.# #.# #.# #.#
#.#########.# #.#
#........)..#


You could see an orc priest.

Vanquished Creatures
  Jessica (D:2)
  Terence (D:2)
  A gnoll (D:1)
  An adder (D:2)
  A worm (D:2)
  2 dart slugs
  An orc (D:2)
  6 ball pythons
  2 endoplasms
  2 giant cockroaches
  3 goblins
  7 hobgoblins
  2 bats
  A frilled lizard (D:1)
  4 kobolds (D:1)
  10 rats
45 creatures vanquished.

Vanquished Creatures (others)
  2 fungi (D:2)
  6 plants (D:2)
8 creatures vanquished.

Grand Total: 53 creatures vanquished

Notes
Turn   | Place    | Note
-------+----------+-------------------------------------------
     0 | D:1      | siradein the Demonspawn Artificer began the quest for the
                  | Orb.
     0 | D:1      | Reached XP level 1. HP: 15/15 MP: 1/1
    53 | D:1      | Reached skill level 1 in Dodging
   618 | D:1      | Gained mutation: You have a pair of small antennae on your
                  | head. [demonic ancestry]
   618 | D:1      | Reached XP level 2. HP: 8/21 MP: 2/2
  1018 | D:1      | Learned a level 1 spell: Apportation
  1424 | D:1      | Reached XP level 3. HP: 26/26 MP: 3/3
  1686 | D:2      | Noticed Jessica
  1692 | D:2      | Killed Jessica
  1693 | D:2      | Reached skill level 1 in Maces & Flails
  1807 | D:2      | Found a faded altar of an unknown god.
  1958 | D:2      | Gained mutation: You sometimes gain a little power by
                  | taking damage. [demonic ancestry]
  1958 | D:2      | Reached XP level 4. HP: 17/33 MP: 3/5
  2234 | D:2      | Noticed Terence
  2249 | D:2      | Killed Terence
  2250 | D:2      | Reached skill level 1 in Spellcasting
  2321 | D:2      | Found Zaol's Magic Scroll Boutique.
  2330 | D:2      | Bought a scroll of identify for 22 gold pieces
  2455 | D:2      | Reached skill level 1 in Translocations
  3153 | D:2      | Killed from afar by an orc priest

Illustrated notes

Levels and vault maps discovered:
D:1:      elethiomel_arrival_diamonds, layout_loops_corners
D:2:      layout_loops_ring, dreamdust_ecumenical_altar_grove, serial_forest,
          infiniplex_forest_clump_tiny, infiniplex_forest_clump_diagonal,
          infiniplex_forest_straight_2, infiniplex_forest_join,
          infiniplex_forest_straight_2, infiniplex_forest_clump_tiny,
          infiniplex_forest_clump_small, infiniplex_forest_3_way,
          infiniplex_forest_clump_long, serial_shops, nicolae_shop_crystal,
          uniq_terence, uniq_jessica
D:3:      layout_loops_ring, tgw_kikubaaqudgha, lemuel_tele_altar,
          general_overflow_altar, grunt_decor_cap, uniq_ijyb

Skill      XL: |  1  2  3  4 |
---------------+-------------+-----
Dodging        | 1 |  1.6
Armour         | 2 |  2.3
Maces & Flails | 1 |  1.2
Fighting       | 2 |  2.1
Spellcasting   | 1 |  1.1
Translocations | 1 |  1.0
Stealth        | |  0.8
Evocations     | |  3.5

Action                   |  1- 3 |  4- 6 || total
-------------------------+-------+-------++-------
Melee: Club              |    30 |       ||    30
       Flail             |    58 |    61 ||   119
       Whip              |       |    17 ||    17
Evoke: Wand              |     2 |       ||     2
       Piece from Xom's  |     1 |     8 ||     9
  Use: Scroll            |       |     3 ||     3
 Stab: Sleeping          |     2 |       ||     2
Armor: Leather armour    |    23 |     2 ||    25
       Scale mail        |       |    56 ||    56
Dodge: Dodged            |    46 |    58 ||   104

Table legend: (Time is in decaauts)
 A = Elapsed time spent in this place.
 B = Non-inter-level travel time spent in this place.
 C = Inter-level travel time spent in this place.
 D = Time resting spent in this place.
 E = Time spent auto-exploring this place.
 F = Levels seen in this place.
 G = Mean time per level.
                   A        B        C        D        E       F      G
               +--------+--------+--------+--------+--------+-----+--------+
         Total |   3205 |   3154 |     51 |     90 |   2560 |   3 | 1068.3 |
       Dungeon |   3205 |   3154 |     51 |     90 |   2560 |   3 | 1068.3 |
               +--------+--------+--------+--------+--------+-----+--------+

Top non-repeatable levels by time:
     D:1: 1679 daAuts
     D:2: 1317 daAuts
     D:3: 209 daAuts
